BLB
SANTO DOMINGO RUM RUNNERS @ PITTSBURGH MILLERS
03/04/2060
 
TOP OF THE 1ST
Santo Domingo Rum Runners batting - Pitching for Pittsburgh Millers : RHP Drew Henthorne
Pitching: RHP Drew Henthorne
Batting: RHB Devain Ecevit 0-0: Ball
1-0: Ground out 2-3 (Groundball, 2L, EV 66.2 MPH)
Batting: RHB Braedon Pashikian 0-0: Swinging Strike
0-1: Foul Ball, location: 2F
0-2: Ball
1-2: Ball
2-2: Ball
3-2: Foul Ball, location: 2F
3-2: Foul Ball, location: 2F
3-2: Hit by Pitch
Batting: LHB Damon Casebier 0-0: Ball
1-0: Ball
Braedon Pashikian steals 2nd base
2-0: Called Strike
2-1: Ball
3-1: Called Strike
3-2: Strikes out looking
Batting: LHB Ronald Anderson 0-0: Called Strike
0-1: Called Strike
0-2: Ball
1-2: Foul Ball, location: 2F
1-2: Ball
2-2: Ball
3-2: Ground out 6-3 (Groundball, 6, EV 84.4 MPH)
Top of the 1st over - 0 runs, 0 hits, 0 errors, 1 left on base; Santo Domingo 0 - Pittsburgh 0
BOTTOM OF THE 1ST
Pittsburgh Millers batting - Pitching for Santo Domingo Rum Runners : LHP Ken Burns
Pitching: LHP Ken Burns
Batting: RHB Tracy Wick 0-0: Ball
1-0: Ball
2-0: Swinging Strike
2-1: DOUBLE (Flyball, 78XD, EV 114.4 MPH)
Batting: RHB Conner Wilson 0-0: Ball
1-0: Foul Ball, location: 2F
1-1: SINGLE (Line Drive, 6D, EV 98.8 MPH)
Tracy Wick to third
Runner from 3rd tries for Home, SAFE, throw by CF to home
Batting: RHB Jeremy Knowlton 0-0: Ball
1-0: Ball
2-0: Foul Ball, location: 2F
2-1: Called Strike
2-2: Ball
3-2: SINGLE (Line Drive, 34D, EV 97.5 MPH)
Conner Wilson to second
Conner Wilson to third
Batting: RHB Dane Jennings 0-0: Called Strike
0-1: Swinging Strike
0-2: Foul Ball, location: 2F
0-2: Ball
1-2: Strikes out swinging
Batting: RHB Colton Coffin 0-0: Ball
1-0: SINGLE (Groundball, 4MD, EV 108.8 MPH)
Conner Wilson scores
Jeremy Knowlton to second
Batting: LHB Spencer Murdock 0-0: SINGLE (Flyball, 5D, EV 88.1 MPH)
Jeremy Knowlton to third
Colton Coffin to second
Batting: RHB K.J. Avery 0-0: Ball
1-0: Swinging Strike
1-1: Ball
2-1: Ball
3-1: Foul Ball, location: 2F
3-2: Foul Ball, location: 2F
3-2: Fielders Choice at 2nd, 3-6 (Groundball, 3S, EV 90.6 MPH)
Jeremy Knowlton scores
Colton Coffin to third
Batting: RHB LaMark Canete 0-0: Ball
1-0: Ball
2-0: SINGLE (Groundball, 56D, EV 104.4 MPH)
Colton Coffin scores
K.J. Avery to second
Batting: RHB Allan Jett 0-0: Ball
1-0: Ball
2-0: Ball
3-0: Called Strike
3-1: Foul Ball, location: 2F
3-2: Strikes out swinging
Bottom of the 1st over - 4 runs, 6 hits, 0 errors, 2 left on base; Santo Domingo 0 - Pittsburgh 4
TOP OF THE 2ND
Santo Domingo Rum Runners batting - Pitching for Pittsburgh Millers : RHP Drew Henthorne
Batting: RHB Tommie Adamson 0-0: Called Strike
0-1: Ball
1-1: Foul Ball, location: 2F
1-2: Strikes out looking
Batting: LHB Larry Collier 0-0: DOUBLE (Groundball, 5L, EV 107.5 MPH)
Batting: RHB Braeden Shute 0-0: Foul Ball, location: 2F
0-1: Foul Ball, location: 2F
0-2: Foul Ball, location: 2F
0-2: Ball
1-2: Strikes out looking
Batting: SHB Ke'Ron Nicolescu 0-0: Ball
1-0: Foul Ball, location: 2F
1-1: Swinging Strike
1-2: Strikes out swinging
Top of the 2nd over - 0 runs, 1 hit, 0 errors, 1 left on base; Santo Domingo 0 - Pittsburgh 4
BOTTOM OF THE 2ND
Pittsburgh Millers batting - Pitching for Santo Domingo Rum Runners : LHP Ken Burns
Batting: RHB Tracy Wick 0-0: Swinging Strike
0-1: Foul Ball, location: 2F
0-2: Ball
1-2: Ball
2-2: Foul Ball, location: 2F
2-2: Foul Ball, location: 2F
2-2: SINGLE (Groundball, 4S, EV 60.6 MPH) (infield hit)
Batting: RHB Conner Wilson 0-0: Foul Ball, location: 2F
0-1: Ball
1-1: Called Strike
1-2: Foul Ball, location: 2F
1-2: Ball
2-2: Foul Ball, location: 2F
2-2: Foul Ball, location: 2F
2-2: Strikes out swinging
Batting: RHB Jeremy Knowlton 0-0: Foul Ball, location: 2F
0-1: Called Strike
0-2: Foul Ball, location: 2F
0-2: Fly out, F7 (Line Drive, 7D, EV 93.1 MPH)
Batting: RHB Dane Jennings 0-0: SINGLE (Line Drive, 89S, EV 96.2 MPH)
Tracy Wick to second
Runner from 2nd tries for 3rd, OUT! 8-5
Bottom of the 2nd over - 0 runs, 2 hits, 0 errors, 1 left on base; Santo Domingo 0 - Pittsburgh 4
TOP OF THE 3RD
Santo Domingo Rum Runners batting - Pitching for Pittsburgh Millers : RHP Drew Henthorne
Batting: RHB Andy Wood 0-0: Swinging Strike
0-1: Ball
1-1: Ball
2-1: Foul Ball, location: 2F
2-2: Ground out 6-3 (Groundball, 6M, EV 109.4 MPH)
Batting: RHB Devain Ecevit 0-0: Called Strike
0-1: Foul Ball, location: 2F
0-2: Ball
1-2: SINGLE (Groundball, 4S, EV 96.2 MPH)
Batting: RHB Braedon Pashikian 0-0: Foul Ball, location: 2F
0-1: Ball
1-1: Fielders Choice at 2nd, 6-4 (Groundball, 6M, EV 88.8 MPH)
Batting: LHB Damon Casebier 0-0: Ball
Braedon Pashikian steals 2nd base
1-0: Foul Ball, location: 2F
1-1: Foul Ball, location: 2F
1-2: Strikes out swinging
Top of the 3rd over - 0 runs, 1 hit, 0 errors, 1 left on base; Santo Domingo 0 - Pittsburgh 4
BOTTOM OF THE 3RD
Pittsburgh Millers batting - Pitching for Santo Domingo Rum Runners : LHP Ken Burns
Batting: RHB Colton Coffin 0-0: Called Strike
0-1: Fly out, F9 (Flyball, 9, EV 71.2 MPH)
Batting: LHB Spencer Murdock 0-0: Called Strike
0-1: Ball
1-1: Called Strike
1-2: Strikes out looking
Batting: RHB K.J. Avery 0-0: Called Strike
0-1: Ball
1-1: Swinging Strike
1-2: Ground out 6-3 (Groundball, 6, EV 102.5 MPH)
Bottom of the 3rd over - 0 runs, 0 hits, 0 errors, 0 left on base; Santo Domingo 0 - Pittsburgh 4
TOP OF THE 4TH
Santo Domingo Rum Runners batting - Pitching for Pittsburgh Millers : RHP Drew Henthorne
Batting: LHB Ronald Anderson 0-0: Ball
1-0: SINGLE (Groundball, 6MD, EV 105.0 MPH)
Batting: RHB Tommie Adamson 0-0: Ball
1-0: Called Strike
Ronald Anderson steals 2nd base
1-1: Foul Ball, location: 2F
1-2: Strikes out swinging
Batting: LHB Larry Collier 0-0: Called Strike
0-1: Ball
1-1: Foul Ball, location: 2F
1-2: Ball
2-2: Ground out 5-3 (Groundball, 56, EV 80.6 MPH)
Batting: RHB Braeden Shute 0-0: Ball
1-0: Called Strike
1-1: Ball
2-1: Foul Ball, location: 2F
2-2: Ball
3-2: 2-RUN HOME RUN (Flyball, 78XD, EV 103.8 MPH), Distance : 407 ft
Batting: SHB Ke'Ron Nicolescu 0-0: Ball
1-0: Foul Ball, location: 2F
1-1: Swinging Strike
1-2: Ball
2-2: Strikes out swinging
Top of the 4th over - 2 runs, 2 hits, 0 errors, 0 left on base; Santo Domingo 2 - Pittsburgh 4
BOTTOM OF THE 4TH
Pittsburgh Millers batting - Pitching for Santo Domingo Rum Runners : LHP Ken Burns
Batting: RHB LaMark Canete 0-0: Called Strike
0-1: Ball
1-1: Called Strike
1-2: Strikes out swinging
Batting: RHB Allan Jett 0-0: Ball
1-0: Hit by Pitch
Batting: RHB Tracy Wick 0-0: Called Strike
0-1: Swinging Strike
0-2: Strikes out swinging
Pinch Hitting: LHB Skye Maury 0-0: Called Strike
0-1: Ball
1-1: Swinging Strike
1-2: Strikes out swinging
Bottom of the 4th over - 0 runs, 0 hits, 0 errors, 1 left on base; Santo Domingo 2 - Pittsburgh 4
TOP OF THE 5TH
Santo Domingo Rum Runners batting - Pitching for Pittsburgh Millers : RHP Drew Henthorne
Pitching: LHP Clete Doyle
Now at 2B: Tracy Wick
Now at 3B: Skye Maury
Now at SS: Dane Jennings
Now in LF: Logan Barbee
Batting: RHB Andy Wood 0-0: Called Strike
0-1: Ball
1-1: Foul Ball, location: 2F
1-2: Ball
2-2: Foul Ball, location: 2F
2-2: Foul Ball, location: 2F
2-2: Ball
3-2: Strikes out swinging, 2-3 out at first.
Batting: RHB Devain Ecevit 0-0: Ball
1-0: Called Strike
1-1: SINGLE (Groundball, 6D, EV 104.4 MPH)
Batting: RHB Braedon Pashikian 0-0: Ball
1-0: Ball
2-0: Foul Ball, location: 2F
2-1: Fly out, F3 (Line Drive, 3, EV 66.9 MPH)
Lined into DP, U3 (Line Drive, 3, EV 72.5 MPH)
Top of the 5th over - 0 runs, 1 hit, 0 errors, 0 left on base; Santo Domingo 2 - Pittsburgh 4
BOTTOM OF THE 5TH
Pittsburgh Millers batting - Pitching for Santo Domingo Rum Runners : LHP Ken Burns
Pitching: RHP Brady D'Ambra
Now at 1B: Lester Bridges
Now at 2B: Eli Hughes
Now at 3B: Lucas Sampley
Now at SS: Jon Dutton
Now in LF: Moses Thomas
Now in CF: James Scarbrough
Batting: RHB Jeremy Knowlton 0-0: Ball
1-0: Called Strike
1-1: Called Strike
1-2: Strikes out swinging
Pinch Hitting: RHB Tevin Hawkins 0-0: Called Strike
0-1: Ball
1-1: Ball
2-1: SINGLE (Line Drive, 5D, EV 96.2 MPH)
Pinch Hitting: RHB Isaac Pack 0-0: Swinging Strike
0-1: Called Strike
0-2: Strikes out swinging
Batting: LHB Spencer Murdock 0-0: Ball
1-0: Called Strike
1-1: Ball
2-1: Ball
3-1: Ground out 4-3 (Groundball, 34, EV 106.2 MPH)
Bottom of the 5th over - 0 runs, 1 hit, 0 errors, 1 left on base; Santo Domingo 2 - Pittsburgh 4
TOP OF THE 6TH
Santo Domingo Rum Runners batting - Pitching for Pittsburgh Millers : LHP Clete Doyle
Pitching: LHP Dakarai Johnson
Now at 1B: Isaac Pack
Now at SS: Tevin Hawkins
Batting: LHB Lester Bridges 0-0: Ball
1-0: Swinging Strike
1-1: Swinging Strike
1-2: Strikes out looking
Pinch Hitting: RHB Dylan Macias 0-0: Ball
1-0: Ball
2-0: Foul Ball, location: 2F
2-1: Ground out 4-3 (Groundball, 4, EV 103.8 MPH)
Batting: RHB Lucas Sampley 0-0: Ball
1-0: Fly out, F7 (Flyball, 7LM, EV 106.9 MPH)
Top of the 6th over - 0 runs, 0 hits, 0 errors, 0 left on base; Santo Domingo 2 - Pittsburgh 4
BOTTOM OF THE 6TH
Pittsburgh Millers batting - Pitching for Santo Domingo Rum Runners : RHP Brady D'Ambra
Pitching: RHP Drew Haffner
Now at C: Davey Confalonieri
Now in RF: Dylan Macias
Pinch Hitting: RHB Seth Laskie 0-0: Ball
1-0: Swinging Strike
1-1: Swinging Strike
1-2: Ball
2-2: Strikes out looking
Batting: RHB William Adkins 0-0: Ground out 1-3 (Groundball, 34S, EV 65.6 MPH)
Batting: RHB Logan Barbee 0-0: Fly out, F7 (Line Drive, 7D, EV 96.9 MPH)
Bottom of the 6th over - 0 runs, 0 hits, 0 errors, 0 left on base; Santo Domingo 2 - Pittsburgh 4
TOP OF THE 7TH
Santo Domingo Rum Runners batting - Pitching for Pittsburgh Millers : LHP Dakarai Johnson
Now in CF: Seth Laskie
Batting: RHB Alan West 0-0: Foul Ball, location: 2F
0-1: Foul Ball, location: 2F
0-2: Strikes out looking
Batting: RHB Davey Confalonieri 0-0: Ground out 6-3 (Groundball, 6M, EV 81.2 MPH)
Batting: LHB Moses Thomas 0-0: Ball
1-0: Foul Ball, location: 2F
1-1: Called Strike
1-2: SOLO HOME RUN (Flyball, 7D, EV 97.5 MPH), Distance : 388 ft
Batting: RHB James Scarbrough 0-0: Foul Ball, location: 2F
0-1: Ball
1-1: Ball
2-1: Swinging Strike
2-2: Ground out 5-3 (Groundball, 56, EV 108.8 MPH)
Top of the 7th over - 1 run, 1 hit, 0 errors, 0 left on base; Santo Domingo 3 - Pittsburgh 4
BOTTOM OF THE 7TH
Pittsburgh Millers batting - Pitching for Santo Domingo Rum Runners : RHP Drew Haffner
Pitching: LHP Neal Forsberg
Batting: RHB Tracy Wick 0-0: Foul Ball, location: 2F
0-1: Called Strike
0-2: Strikes out swinging
Batting: LHB Skye Maury 0-0: Ball
1-0: Called Strike
1-1: Ball
2-1: Ball
3-1: DOUBLE (Line Drive, 89M, EV 106.2 MPH)
Batting: RHB Jeremy Knowlton 0-0: Ball
1-0: Ball
2-0: Ground out 6-3 (Groundball, 6, EV 80.0 MPH)
Batting: RHB Tevin Hawkins 0-0: Called Strike
0-1: Called Strike
0-2: Strikes out swinging
Bottom of the 7th over - 0 runs, 1 hit, 0 errors, 1 left on base; Santo Domingo 3 - Pittsburgh 4
TOP OF THE 8TH
Santo Domingo Rum Runners batting - Pitching for Pittsburgh Millers : LHP Dakarai Johnson
Pitching: RHP Hayden Charbonneau
Batting: SHB Eli Hughes 0-0: Ball
1-0: SINGLE (Groundball, 4D, EV 99.4 MPH)
Pitching: LHP Garry Fanalua
Batting: LHB Jon Dutton 0-0: Swinging Strike
0-1: Ball
1-1: Ground out 4-3 (Groundball, 4S, EV 63.8 MPH)
Eli Hughes to second
Batting: LHB Lester Bridges 0-0: Ball
1-0: SINGLE (Groundball, 4MD, EV 105.6 MPH)
Eli Hughes to third
Runner from 3rd tries for Home, SAFE, throw by CF to home
Batting: RHB Dylan Macias 0-0: Ball
1-0: Called Strike
1-1: Called Strike
1-2: Ball
2-2: Strikes out looking
Batting: RHB Lucas Sampley 0-0: Fielders Choice at 2nd, 6-4 (Groundball, 6, EV 87.5 MPH)
Top of the 8th over - 1 run, 2 hits, 0 errors, 1 left on base; Santo Domingo 4 - Pittsburgh 4
BOTTOM OF THE 8TH
Pittsburgh Millers batting - Pitching for Santo Domingo Rum Runners : LHP Neal Forsberg
Batting: RHB Isaac Pack 0-0: Ball
1-0: Called Strike
1-1: Swinging Strike
1-2: SINGLE (Line Drive, 7S, EV 98.1 MPH)
Pinch Hitting: LHB Byron Carlton 0-0: Fly out, F7 (Flyball, 7S, EV 81.9 MPH)
Batting: RHB Seth Laskie 0-0: TRIPLE (Flyball, 78XD, EV 106.9 MPH)
Isaac Pack scores
Batting: RHB William Adkins 0-0: Called Strike
0-1: Foul Ball, location: 2F
0-2: Ball
1-2: Ball
2-2: Fly out, F7 (Line Drive, 7S, EV 92.5 MPH)
Batting: RHB Logan Barbee 0-0: Called Strike
0-1: Fly out, F7 (Line Drive, 7D, EV 103.1 MPH)
Bottom of the 8th over - 1 run, 2 hits, 0 errors, 1 left on base; Santo Domingo 4 - Pittsburgh 5
TOP OF THE 9TH
Santo Domingo Rum Runners batting - Pitching for Pittsburgh Millers : LHP Garry Fanalua
Pitching: RHP Whitney Harris
Now in RF: Byron Carlton
Batting: LHB Kolby Carter 0-0: Ball
1-0: Ball
2-0: Called Strike
2-1: Ball
3-1: Base on Balls
Batting: RHB Davey Confalonieri 0-0: Called Strike
0-1: Ball
1-1: Swinging Strike
1-2: SINGLE (Line Drive, 56, EV 95.6 MPH)
Kolby Carter to second
Batting: LHB Moses Thomas 0-0: Swinging Strike
0-1: Ball
1-1: Ball
2-1: Foul Ball, location: 2F
2-2: DOUBLE (Line Drive, 9LM, EV 111.2 MPH)
Kolby Carter scores
Davey Confalonieri to third
Batting: RHB James Scarbrough 0-0: Ball
1-0: Ball
2-0: Ball
3-0: Base on Balls
Batting: SHB Eli Hughes 0-0: Ball
1-0: Foul Ball, location: 2F
1-1: Foul Ball, location: 2F
1-2: Reached on error, E3 (Groundball, 3, EV 100.6 MPH)
Davey Confalonieri scores
Moses Thomas to third
James Scarbrough to second
Batting: LHB Jon Dutton 0-0: Foul Ball, location: 2F
0-1: Fly out, F9 (Flyball, 9, EV 89.4 MPH)
Runner from 3rd tags up, OUT at HOME! 9-2
James Scarbrough to third
Eli Hughes to second
Batting: LHB Lester Bridges 0-0: Ball
1-0: Called Strike
1-1: Foul Ball, location: 2F
1-2: Ball
2-2: Strikes out swinging
Top of the 9th over - 2 runs, 2 hits, 1 error, 2 left on base; Santo Domingo 6 - Pittsburgh 5
BOTTOM OF THE 9TH
Pittsburgh Millers batting - Pitching for Santo Domingo Rum Runners : LHP Neal Forsberg
Pitching: LHP Harry Mueller
Batting: RHB Tracy Wick 0-0: Ground out 4-3 (Groundball, 34D, EV 83.1 MPH)
Batting: LHB Skye Maury 0-0: Ball
1-0: Fly out, F4 (Popup, 4S, EV 60.6 MPH)
Pinch Hitting: RHB Cato Flaig 0-0: Ball
1-0: SINGLE (Line Drive, 89M, EV 95.0 MPH)
Batting: RHB Tevin Hawkins 0-0: Ball
1-0: Ball
2-0: Called Strike
2-1: Ball
3-1: Swinging Strike
3-2: Foul Ball, location: 2F
3-2: Strikes out swinging
Bottom of the 9th over - 0 runs, 1 hit, 0 errors, 1 left on base; Santo Domingo 6 - Pittsburgh 5
Tuesday, April 16th , 2024 - OOTP Baseball 23.10 Build 110